AoeStats
← d

MegaRandom

503997032Analyzed
4v4 RM · 28d ago on Sep 3, 2026· 39m 23s· 8 players
Game mode
Random Map
Map size
Large (8 player)
Population
200
Speed
Normal
Resources
Standard
Victory
Conquest
Starting age
Dark Age
Ending age
Imperial Age
RankedLock teamsTeams togetherTeam positionsShared explorationLock speedFull tech treeHidden civsTurbo modeCheats
Victory
Defeat
🇨🇳 Spanish · China
1585
+17
🇯🇵 Persians · Japan
1573
+18
🇨🇳 Lithuanians · China
1570
+18
🇨🇳 Celts · China
1490
+22
🇨🇳 Wei · China
1634
-20
🇨🇳 Italians · China
1620
-19
🇨🇳 Mongols · China
1614
-19
🇨🇳 Armenians · China
1585
-17
neutron_star
0:30 Loom
10:35 Feudal Age
12:13 Feudal Age
12:50 Double-Bit Axe
15:57 Castle Age
14:19 Gold Mining
15:46 Horse Collar
17:02 Medium Warships
17:07 Fletching
24:23 Careening
24:51 Bow Saw
26:15 Gold Shaft Mining
26:12 Bodkin Arrow
27:01 Clinker Construction
27:12 Ballistics
28:31 Wheelbarrow
30:37 Hand Cart
30:20 Town Watch
34:50 Imperial Age
33:46 Heavy Plow
35:29 Padded Archer Armor
35:47 Bracer
36:48 Chemistry
lazypig
0:28 Loom
11:27 Feudal Age
11:56 Double-Bit Axe
15:52 Castle Age
14:58 Horse Collar
15:55 Fishing Lines
16:50 Bow Saw
22:39 Wheelbarrow
23:07 Medium Warships
24:27 Gillnets
24:29 Gold Mining
25:26 Hand Cart
24:45 Demolition Ship
26:08 Careening
30:12 Imperial Age
28:53 Gold Shaft Mining
28:09 Stone Mining
29:13 Clinker Construction
30:41 Fletching
31:28 Heavy Warships
31:07 Heavy Plow
31:43 Stone Shaft Mining
31:35 Carvel Hull
33:33 Bodkin Arrow
33:38 Padded Archer Armor
33:59 Ballistics
34:40 Chemistry
34:24 Bracer
34:35 Masonry
34:25 Treadmill Crane
35:16 Leather Archer Armor
36:18 Conscription
36:25 Ming Guang Armor
36:01 Tuntian
36:13 Bloodlines
36:04 Husbandry
36:20 Thumb Ring
36:41 Parthian Tactics
36:59 Ring Archer Armor
36:35 Caravan
38:05 Coinage
39:06 Hoardings
d
0:36 Loom
12:28 Feudal Age
16:21 Castle Age
14:53 Double-Bit Axe
15:48 Horse Collar
18:18 Bow Saw
18:42 Heavy Plow
23:39 Wheelbarrow
24:40 Town Watch
27:21 Hand Cart
30:11 Imperial Age
28:21 Gold Mining
28:22 Stone Mining
29:10 Ballistics
30:05 Medium Warships
31:11 Fletching
31:52 Heavy Warships
32:24 Gold Shaft Mining
31:57 Bodkin Arrow
34:02 Chemistry
33:23 Clinker Construction
33:24 Careening
34:29 Bracer
34:30 Padded Archer Armor
35:05 Squires
34:25 Pikeman
35:30 Conscription
35:34 Elite Composite Bowman
36:25 Pikeman
箜声
7:14 Loom
12:03 Feudal Age
23:14 Castle Age
24:05 Medium Warships
24:08 Fletching
25:21 Double-Bit Axe
26:10 Medium Warships
26:12 Bodkin Arrow
38:19 Imperial Age
うーぺー
0:32 Loom
12:52 Feudal Age
13:57 Double-Bit Axe
17:27 Castle Age
15:56 Gold Mining
17:45 Fletching
18:13 Medium Warships
18:28 Bodkin Arrow
18:46 Bow Saw
21:06 Ballistics
21:25 Fishing Lines
22:11 Clinker Construction
22:56 Careening
25:30 Horse Collar
31:55 Wheelbarrow
37:15 Imperial Age
36:50 Gold Shaft Mining
36:10 Stone Mining
36:48 Hand Cart
38:26 Heavy Warships
39:03 Chemistry
38:24 Heavy Plow
39:26 Two-Man Saw
比奇堡_Gary
0:30 Loom
12:14 Feudal Age
13:13 Double-Bit Axe
16:03 Castle Age
14:41 Fishing Lines
15:03 Horse Collar
17:05 Bow Saw
17:27 Gold Mining
19:37 Wheelbarrow
21:54 Fletching
24:27 Hand Cart
24:40 Stone Mining
25:34 Town Watch
26:36 Stone Shaft Mining
26:42 Heavy Plow
31:21 Imperial Age
29:25 Scale Barding Armor
29:31 Forging
30:53 Chain Barding Armor
31:39 Iron Casting
31:54 Bloodlines
31:44 Husbandry
31:29 Onager
33:16 Plate Barding Armor
33:07 Conscription
34:34 Chemistry
33:17 Elite Leitis
37:35 Light Cavalry
39:11 Winged Hussar
叫声乌鸦哥
0:32 Loom
12:35 Feudal Age
15:43 Double-Bit Axe
18:13 Castle Age
16:21 Gold Mining
19:13 Bow Saw
19:35 Medium Warships
20:37 Horse Collar
22:17 Town Watch
24:20 Wheelbarrow
25:40 Heavy Plow
27:15 Careening
31:17 Imperial Age
30:20 Gold Shaft Mining
30:04 Clinker Construction
30:50 Fishing Lines
32:27 Carvel Hull
32:31 Shipwright
32:31 Carvel Hull
33:35 Heavy Warships
34:22 Hand Cart
34:07 Scale Mail Armor
35:03 Chain Mail Armor
34:39 Capped Ram
36:14 Plate Mail Armor
36:31 Conscription
35:38 Siege Ram
36:14 Pikeman
37:37 Elite Woad Raider
39:37 Forging
39:14 Arson
Bz_青红
0:37 Loom
12:38 Feudal Age
17:09 Castle Age
16:25 Double-Bit Axe
16:48 Horse Collar
17:10 Town Watch
22:58 Bow Saw
23:17 Heavy Plow
25:47 Wheelbarrow
28:59 Imperial Age
27:51 Caravan
31:06 Chemistry
33:44 Bombard Tower
33:25 Fletching
35:08 Supremacy
37:52 Supremacy
38:17 Bodkin Arrow
Connection lost

Rejoining the realm…

Still unreachable

The connection could not be restored.

Session expired

The server has moved on; the page needs a fresh start.